 Dungeon Crawl Stone Soup version 0.18.1-8-gdd0e5ea (webtiles) character file.

12453 occam19 the Protected (level 11, -6/104 HPs)
             Began as a Minotaur Fighter on May 27, 2016.
             Was a Priest of Makhleb.
             Killed from afar by an ice statue (8 damage)
             ... with a shard of ice
             ... in an ice cave.
             The game lasted 00:49:49 (8306 turns).

occam19 the Protected (Minotaur Fighter)            Turns: 8306, Time: 00:49:50

Health: -6/104     AC: 20    Str: 22    XL:     11   Next: 62%
Magic:  11/11      EV:  7    Int:  5    God:    Makhleb [***...]
Gold:   803        SH: 15    Dex: 17    Spells: 0 memorised, 10 levels left

rFire  + . .     SeeInvis .     d - +4 spear
rCold  . . .     Gourm    .     R - +2 chain mail {rPois}
rNeg   . . .     Faith    .     c - +0 shield
rPois  +         Spirit   .     T - +0 hat
rElec  .         Dismiss  .     y - +1 cloak
rCorr  .         Reflect  +     (no gloves)
SustAt .         Harm     .     e - +2 pair of boots
MR     .....                    s - +3 amulet of reflection
Stlth  ..........               J - ring of protection from fire
                                D - +5 ring of dexterity

@: not resistant to hostile enchantments, extremely unstealthy
A: retaliatory headbutt, horns 2, MP-powered wands
a: Minor Destruction, Lesser Servant of Makhleb, Renounce Religion


You were in an ice cave.
You worshipped Makhleb.
Makhleb was most pleased with you.
You were not hungry.

You visited 3 branches of the dungeon, and saw 11 of its levels.
You also visited: Sewer, Ossuary and Ice Cave.

You collected 911 gold pieces.
You spent 108 gold pieces at shops.

Inventory:

Hand Weapons
 a - a cursed -1 arbalest
 b - a +1 trident
 d - a +4 spear (weapon)
 S - a +0 blowgun
Missiles
 o - 4 tomahawks (quivered)
 x - 28 poisoned needles
Armour
 c - a +0 shield (worn)
 e - a +2 pair of boots (worn)
 u - a +2 ring mail of positive energy
 w - a +0 scale mail
 y - a +1 cloak (worn)
 R - a +2 chain mail of poison resistance (worn)
 T - a +0 hat (worn)
Jewellery
 j - a +3 amulet of reflection
 k - an uncursed amulet of guardian spirit
 s - a +3 amulet of reflection (around neck)
 v - an uncursed ring of protection from cold
 B - an uncursed amulet of rage
 D - a +5 ring of dexterity (left hand)
 I - an uncursed ring of stealth
 J - a ring of protection from fire (right hand)
Wands
 V - a wand of polymorph (19/24)
Scrolls
 g - 2 scrolls of random uselessness
 h - 6 scrolls of identify
 i - a scroll of immolation {unknown}
 m - a scroll of enchant weapon
 p - 5 scrolls of teleportation
 r - 8 scrolls of remove curse
 t - a scroll of fear
 F - a scroll of amnesia
 G - 3 scrolls of magic mapping
 H - a scroll of enchant armour
Potions
 l - a potion of agility
 A - 3 potions of curing
 C - 2 potions of cancellation
 M - a potion of berserk rage
 N - 2 potions of flight
 O - a potion of magic {unknown}
 P - a potion of beneficial mutation {unknown}
Books
 Q - a book of Fire

   Spells                             Type                      Level
   a - Ignite Poison                  Fire/Transmutation/Poison    3
   b - Fireball                       Conjuration/Fire             5
   c - Bolt of Fire                   Conjuration/Fire             6
   d - Delayed Fireball               Conjuration/Fire             7
   e - Ring of Flames                 Charms/Fire                  7
Comestibles
 f - 8 bread rations
 q - 2 beef jerkies
 z - 3 meat rations
 E - 2 slices of pizza
 U - 7 chunks of flesh


   Skills:
 * Level 12.0 Fighting
 * Level 12.0 Polearms
 * Level 12.2 Armour
 + Level 9.5 Shields
 + Level 1.5 Invocations


You had 10 spell levels left.
You didn't know any spells.

Dungeon Overview and Level Annotations

Branches:
Dungeon (9/15)             Temple (1/1) D:4            Lair (0/8) D:8
    Orc (1/2) D:9

Altars:
Ashenzari
Cheibriados
Dithmenos
Elyvilon
Fedhas
Gozag
Kikubaaqudgha
Makhleb
Nemelex Xobeh
Pakellas
Qazlal
Ru
Sif Muna
Vehumet
Xom
Yredelemnul
Zin
The Shining One
Beogh

Shops:
D:4 [   D:7 [   D:8 %   Orc:1 (

Annotations:
IceCv exclusion: 3 ice statues


Innate Abilities, Weirdness & Mutations

You reflexively headbutt those who attack you in melee.
You have a pair of horns on your head.
You expend magic power (3 MP) to strengthen your wands.


Message History

The ice beast hits you but does no damage.
Drink which item? (? for menu, Esc to quit)
You feel better. You block the ice beast's attack.
The ice statue gestures at you. The shard of ice hits you!
* * * LOW HITPOINT WARNING * * *
The ice beast hits you.
* * * LOW HITPOINT WARNING * * *
The ice beast freezes you!
* * * LOW HITPOINT WARNING * * *
You block the ice beast's attack. The ice beast hits you.
* * * LOW HITPOINT WARNING * * *
The ice beast freezes you!
* * * LOW HITPOINT WARNING * * *
You puncture the ice beast!
You kill the ice beast!
The ice beast hits you but does no damage.
The ice statue gestures at you. The shard of ice hits you!
You die...

##.....##
##.......##
#.........#
#.........#
#.........#
#.........#
#.........#
#####.#####
#8......@8#
#......YY.#
#.......YY#
#........Y#
#.........#
##.......##
##.....##
###8### .Y.


You could see 3 ice statues and 5 ice beasts.

Vanquished Creatures
  Gastronok (D:9)
  An ice dragon (Orc:1)
  The ghost of Stratum the Fanfare of Bloodshed, a novice DsGl of Makhleb (D:9)
  The ghost of occam19 the Fighter, a novice MiFi of Okawaru (D:7)
  A hill giant (D:9)
  Pikel (D:8)
  Maurice (D:8)
  Grum (D:8)
  Grinder (D:5)
  4 polar bears (Orc:1)
  3 two-headed ogres (D:9)
  A wraith (D:9)
  A yak (Orc:1)
  3 hungry ghosts
  2 wargs (D:8)
  2 water moccasins (D:9)
  4 orc warriors
  8 ice beasts
  Purgy (Sewer)
  A sky beast (D:7)
  2 black bears (D:6)
  5 ogres
  4 wolves
  2 centaurs
  A big kobold (D:8)
  A crocodile (D:8)
  5 giant frogs
  A gnoll sergeant (D:4)
  4 scorpions
  A troll zombie (D:9)
  5 wights (D:9)
  A howler monkey (D:5)
  4 crimson imps
  A jelly (D:8)
  2 centaur zombies (D:9)
  A hound (D:5)
  A centaur skeleton (D:5)
  3 orc priests
  12 orc wizards
  An iguana (D:5)
  Ijyb (D:3)
  4 worker ants
  A killer bee zombie (D:6)
  4 ogre zombies (D:9)
  A hound zombie (D:8)
  8 mummies (Ossuary)
  2 worker ant zombies
  7 gnolls
  14 adders
  4 river rats (D:3)
  A shadow imp (D:7)
  An adder zombie (D:5)
  3 worms
  3 dart slugs
  2 giant geckos
  30 orcs
  7 giant cockroaches
  A gnoll zombie (Ossuary)
  3 hobgoblins
  14 jackals
  17 kobolds
  7 quokkas
  3 ball pythons
  A ball python skeleton (D:4)
  10 bats
  2 giant gecko skeletons (D:4)
  4 giant newts
  7 goblins
  A goblin skeleton (D:9)
  3 goblin zombies (D:9)
  3 hobgoblin skeletons (D:9)
  4 hobgoblin zombies
  A jackal zombie (D:7)
  A kobold zombie (Ossuary)
  4 orc skeletons (D:9)
  8 orc zombies
  6 rats
289 creatures vanquished.

Vanquished Creatures (others)
  3 slaves (D:8)
  A centaur (D:8)
  A centaur zombie (D:8)
  An orc priest (D:8)
  A kobold (D:8)
7 creatures vanquished.

Grand Total: 296 creatures vanquished

Notes
Turn   | Place    | Note
--------------------------------------------------------------
     0 | D:1      | occam19 the Minotaur Fighter began the quest for the Orb.
     0 | D:1      | Reached XP level 1. HP: 19/19 MP: 0/0
   107 | D:1      | Reached XP level 2. HP: 25/27 MP: 1/1
   444 | D:2      | Reached XP level 3. HP: 26/33 MP: 2/2
   881 | D:2      | Found a sparkling altar of Nemelex Xobeh.
   915 | D:2      | Reached XP level 4. HP: 40/40 MP: 3/3
   992 | D:2      | Found a stormy altar of Qazlal.
  1158 | D:3      | Noticed Ijyb
  1176 | D:3      | Killed Ijyb
  1186 | D:3      | Reached XP level 5. HP: 19/47 MP: 4/4
  1282 | D:3      | Found a glowing drain.
  1390 | D:3      | Reached skill level 5 in Armour
  1409 | Sewer    | Entered a sewer
  1556 | Sewer    | Noticed Purgy
  1568 | Sewer    | Killed Purgy
  1568 | Sewer    | Reached skill level 5 in Fighting
  1568 | Sewer    | Reached XP level 6. HP: 36/56 MP: 5/5
  1816 | D:3      | Found a shattered altar of Ashenzari.
  2089 | D:3      | Found a white marble altar of Elyvilon.
  2256 | D:3      | Gained mutation: You are robust (+10% HP). [potion of mutation]
  2256 | D:3      | Gained mutation: You expend magic power (3 MP) to strengthen your wands. [potion of mutation]
  2256 | D:3      | Lost mutation: You are robust (+10% HP). [potion of mutation]
  2461 | D:4      | Reached skill level 5 in Polearms
  2480 | D:4      | Reached skill level 5 in Shields
  2524 | D:4      | Reached XP level 7. HP: 55/61 MP: 6/6
  2589 | D:4      | Found a staircase to the Ecumenical Temple.
  2645 | D:4      | Found a blossoming altar of Fedhas.
  2651 | D:4      | Found an ancient bone altar of Kikubaaqudgha.
  2680 | D:4      | Found Ivocres's Armour Shop.
  2727 | D:4      | Found a sacrificial altar of Ru.
  2892 | D:4      | Found an oddly glowing altar of Pakellas.
  2894 | D:4      | Found a shadowy altar of Dithmenos.
  3097 | Temple   | Entered the Ecumenical Temple
  3220 | D:5      | Entered Level 5 of the Dungeon
  3283 | D:5      | Noticed Grinder
  3291 | D:5      | Paralysed by Grinder for 5 turns
  3306 | D:5      | Killed Grinder
  3438 | D:5      | Reached XP level 8. HP: 65/71 MP: 7/7
  4175 | D:5      | Found a snail-covered altar of Cheibriados.
  4417 | D:6      | Found a shimmering altar of Xom.
  5134 | D:6      | Reached XP level 9. HP: 81/81 MP: 8/8
  5426 | D:7      | Noticed occam19's ghost (novice MiFi)
  5607 | D:7      | Killed occam19's ghost
  5612 | D:7      | Found a burning altar of Makhleb.
  5612 | D:7      | Noticed a cacodemon
  5615 | D:7      | Noticed an orange demon
  5691 | D:7      | Found a sand-covered staircase.
  5697 | Ossuary  | Entered an ossuary
  6019 | D:7      | Became a worshipper of Makhleb the Destroyer
  6223 | D:7      | Found Ymuclock's Antique Armour Shop.
  6228 | D:7      | Bought a glowing chain mail for 108 gold pieces
  6365 | D:8      | Noticed Pikel
  6377 | D:8      | Killed Pikel
  6403 | D:8      | Noticed Maurice
  6410 | D:8      | Killed Maurice
  6410 | D:8      | Reached skill level 10 in Armour
  6410 | D:8      | Reached XP level 10. HP: 91/91 MP: 9/9
  6439 | D:8      | Reached * piety under Makhleb
  6577 | D:8      | Found a sacrificial altar of Ru.
  6636 | D:8      | Found a staircase to the Lair.
  6661 | D:8      | Noticed Grum
  6662 | D:8      | Found Erikhlenk's Food Shop.
  6674 | D:8      | Reached skill level 10 in Polearms
  6688 | D:8      | Killed Grum
  6688 | D:8      | Reached skill level 10 in Fighting
  6989 | D:9      | Noticed a hill giant
  6998 | D:9      | Killed a hill giant
  7056 | D:9      | Found a glowing silver altar of Zin.
  7141 | D:9      | Reached ** piety under Makhleb
  7231 | D:9      | Found a staircase to the Orcish Mines.
  7501 | D:9      | Noticed Stratum's ghost (novice DsGl)
  7517 | D:9      | Killed Stratum's ghost
  7536 | D:9      | Reached XP level 11. HP: 101/101 MP: 10/10
  7684 | D:9      | Noticed Gastronok
  7729 | D:9      | Killed Gastronok
  7729 | D:9      | Reached *** piety under Makhleb
  7957 | Orc:1    | Entered Level 1 of the Orcish Mines
  7958 | Orc:1    | Found Jemumeub's Weapon Emporium.
  7986 | Orc:1    | Found a roughly hewn altar of Beogh.
  8027 | Orc:1    | Found a frozen archway.
  8032 | Orc:1    | Noticed an ice dragon
  8086 | Orc:1    | Killed an ice dragon
  8086 | Orc:1    | Reached skill level 1 in Invocations
  8139 | IceCv    | Entered an ice cave
  8299 | IceCv    | HP: 5/104 [ice statue] (10)]
  8304 | IceCv    | HP: 2/104 [ice beast[an ice statue] (7)]
  8306 | IceCv    | Killed from afar by an ice statue

Skill      XL: |  1  2  3  4  5  6  7  8  9 10 11 |
---------------+----------------------------------+-----
Polearms       | 3 4 5 6 8 9 11 12 | 12.0
Armour         | 4 5 6 7 8 10 11 12 | 12.2
Shields        | 4 5 6 7 8 9 |  9.5
Fighting       | 4 5 6 8 9 10 12 | 12.0
Invocations    | 1 |  1.5

Action                   |  1- 3 |  4- 6 |  7- 9 | 10-12 || total
-------------------------+-------+-------+-------+-------++-------
Melee: Trident           |   107 |   199 |       |       ||   306
       Headbutt          |    11 |    36 |    82 |   157 ||   286
       Spear             |       |     2 |   361 |   531 ||   894
 Fire: Blowgun           |       |     8 |       |       ||     8
  Use: Potion            |       |     7 |     4 |     9 ||    20
       Scroll            |       |     9 |     1 |       ||    10
  Eat: Chunk             |       |     6 |     6 |     8 ||    20
       Fruit             |       |       |    10 |     3 ||    13
Armor: Scale mail        |    32 |    63 |     3 |       ||    98
       Ring mail         |       |       |    48 |       ||    48
       Chain mail        |       |       |    15 |   127 ||   142
Dodge: Dodged            |    35 |    46 |    31 |    69 ||   181
Block: Shield            |    41 |    92 |   124 |   248 ||   505
       Reflection        |       |     2 |     2 |    15 ||    19
